 Dungeon Crawl Stone Soup version 0.31-a0-1005-gfbdfbacc72 (webtiles) character file.

Game seed: 12566218888800139952

7028 YxngMxddx the Severer (level 10, -14/91 HPs)
             Began as a Minotaur Berserker on Nov 11, 2023.
             Was an Elder of Trog.
             Demolished by a two-headed ogre
             ... wielding a +0 giant club
              (18 damage)
             ... on level 9 of the Dungeon.
             The game lasted 00:49:28 (6917 turns).

YxngMxddx the Severer (Minotaur Berserker)          Turns: 6917, Time: 00:49:28

Health: -14/91     AC: 17    Str: 26    XL:     10   Next: 82%
Magic:  0/9        EV:  8    Int:  4    God:    Trog [****..]
Gold:   458        SH:  0    Dex: 10    Spells: 9/9 levels left

rFire   . . .        D - +2 hand axe (elec)
rCold   . . .        (no shield)
rNeg    + . .        u - +0 plate armour
rPois   .            (helmet restricted)
rElec   .            (no cloak)
rCorr   .            (no gloves)
SInv    .            (no boots)
Will    ++...        q - amulet of guardian spirit Stlth
                     l - ring of positive energy
HPRegen 1.35/turn    s - +4 ring of protection
MPRegen 0.11/turn

%: guardian spirit
@: strong-willed, regenerating
A: horns 2, retaliatory headbutt
a: Renounce Religion, Berserk, Trog's Hand, Brothers in Arms


You were on level 9 of the Dungeon.
You worshipped Trog.
Trog was greatly pleased with you.
You visited 2 branches of the dungeon, and saw 10 of its levels.

You collected 458 gold pieces.

Inventory:

Hand Weapons
 a - a +0 hand axe
 m - a +1 hand axe of flaming
 B - the +7 long sword "Dienuirch" {drain, Dex+6}
   (You found it on level 3 of the Dungeon)

   Dex+6:     It affects your dexterity (+6).
 D - a +2 hand axe of electrocution (weapon)
Armour
 b - a +0 animal skin
 o - a +0 ring mail
 u - a +0 plate armour (worn)
 y - a +0 chain mail
Jewellery
 l - a ring of positive energy (left hand)
 q - an amulet of guardian spirit (around neck)
 s - a +4 ring of protection (right hand)
 w - a ring of protection from fire
Talismans
 n - a maw talisman
 x - a talisman of death
Wands
 t - a wand of digging (1)
Scrolls
 c - a scroll of amnesia {unknown}
 d - a scroll of fog {unknown}
 e - a scroll of teleportation {unknown}
 j - a scroll of summoning {unknown}
 k - 2 scrolls of enchant armour {unknown}
 p - 2 scrolls of blinking {unknown}
 r - a scroll of revelation {unknown}
 A - 4 scrolls of identify {unknown}
 C - 2 scrolls of immolation {unknown}
 F - a scroll of fear {unknown}
Potions
 f - 2 potions of haste {unknown}
 g - 2 potions of enlightenment {unknown}
 h - a potion of curing {unknown}
 i - a potion of degeneration
 v - a potion of cancellation {unknown}
 z - a potion of might {unknown}
 E - a potion of heal wounds {unknown}


   Skills:
 + Level 9.4 Fighting
 - Level 0.3 Long Blades
 + Level 15.8 Axes
 + Level 8.5 Armour
 - Level 3.2 Dodging
 - Level 0.5 Stealth


You had 9 spell levels left.
You didn't know any spells.
Your spell library contained the following spells:

 Spells                   Type           Power      Damage    Failure   Level
 Ozocubu's Armour         Ice            0%         N/A       100%        3
 Ozocubu's Refrigeration  Ice            0%         4d7       100%        7


Dungeon Overview and Level Annotations

Branches:
Dungeon (9/15)             Temple (1/1) D:5
   Lair: D:8-11         Orc: D:9-12

Altars:
Ashenzari
Cheibriados
Dithmenos
Fedhas
Gozag
Hepliaklqana
Kikubaaqudgha
Makhleb
Ru
Sif Muna
Trog
Uskayaw
Vehumet
Wu Jian
Xom
Yredelemnul
Zin

Shops:
D:2 (   D:7 *   D:8 *

Portals:
Sewer: D:3


Innate Abilities, Weirdness & Mutations

You have a pair of horns on your head.
You reflexively headbutt those who attack you in melee.


Message History

You start resting.
An orc comes into view. It is wielding a +0 spear.
An orc is nearby!
An orc is nearby!
An orc is nearby!
An orc is nearby!
An orc is nearby!
An orc is nearby!
An orc is nearby!
An orc is nearby!
You hear the creaking of a portcullis.
The orc shouts!
You hear a shout! x2
A troll comes into view.
An orc comes into view. It is wielding a +0 spear.
A two-headed ogre comes into view. It is wielding two +0 giant clubs.
The two-headed ogre shouts in stereo!
The troll shouts!
The orc hits you but does no damage. The orc hits you with a +0 spear.
The two-headed ogre hits you with a +0 giant club! x2
You barely miss the two-headed ogre. You hit the orc but do no damage.
The orc barely misses you.
You hit the two-headed ogre but do no damage.
Lightning courses through the two-headed ogre!
The two-headed ogre is moderately wounded.
You hit the orc. Lightning courses through the orc!
You kill the orc!
Trog accepts your kill.
You hear a splash.
Your skin crawls.
You feel strong-willed.
The two-headed ogre hits you with a +0 giant club!
* * * LOW HITPOINT WARNING * * *
The two-headed ogre hits you with a +0 giant club!!
* * * LOW HITPOINT WARNING * * *
You closely miss the two-headed ogre.
Your headbutt misses the two-headed ogre.
The two-headed ogre is moderately wounded.
You hit the troll. The orc closely misses you.
The two-headed ogre hits you with a +0 giant club!!
You die...

~~..# #. ≈≈.. . #.~
#~.# .. #.~ #≈.# ...
#.~ #≈.# ....
#.~#######o.#.....
#.~~~~~~~)~T.........
#...).....@O#........
###.....#####.......
#...).# #...... .
#.....#####....##..
#.............#....
#...<.#####)†#.....
#....)..†..††....##
#....)#####††......
#...)))...##.).#.#.


You could see a two-headed ogre, a troll and an orc.

Vanquished Creatures
  2 two-headed ogres
  A troll (D:7)
  A polar bear (D:9)
  Sigmund (D:2)
  A wraith (D:7)
  5 yaks (D:9)
  A steam dragon (D:8)
  4 water moccasins
  Edmund (D:5)
  A black bear (D:6)
  2 orc warriors (D:7)
  2 sky beasts (D:7)
  4 ogres
  4 ice beasts
  2 wolves (D:9)
  4 phantoms
  3 kobold brigands
  3 bullfrogs
  A gnoll sergeant (D:7)
  3 scorpions
  4 wights (D:7)
  8 killer bees
  3 howler monkeys
  An electric eel (D:8)
  2 hounds (D:5)
  2 gnoll boudas (D:6)
  Terence (D:2)
  6 iguanas
  2 sleepcaps (D:5)
  3 orc wizards
  A mummy (D:6)
  7 adders
  11 gnolls
  3 white imps
  4 ufetubi
  3 worms
  A dart slug (D:1)
  38 orcs
  A bat (D:2)
  3 endoplasms
  5 giant cockroaches
  4 goblins
  3 hobgoblins
  2 quokkas
  4 ball pythons
  2 frilled lizards
  11 kobolds
  A kobold zombie (D:6)
  An orc zombie (D:6)
  5 rats (D:3)
188 creatures vanquished.

Vanquished Creatures (collateral kills)
  A killer bee (D:7)
  An orc wizard (D:8)
  2 orcs (D:8)
  6 kobolds (D:7)
10 creatures vanquished.

Grand Total: 198 creatures vanquished

Notes
Turn   | Place    | Note
-------+----------+-------------------------------------------
     0 | D:1      | YxngMxddx the Minotaur Berserker began the quest for the
                  | Orb.
     0 | D:1      | Reached XP level 1. HP: 19/19 MP: 0/0
   483 | D:2      | Noticed Terence
   488 | D:2      | Killed Terence
   489 | D:2      | Reached skill level 4 in Axes
   489 | D:2      | Reached XP level 2. HP: 9/27 MP: 1/1
   489 | D:2      | Reached XP level 3. HP: 11/33 MP: 2/2
   637 | D:2      | Found a shadowy altar of Dithmenos.
   877 | D:2      | Found Iqigylank's Weapon Emporium.
  1006 | D:2      | Found a faded altar of an unknown god.
  1051 | D:2      | Noticed Sigmund
  1085 | D:2      | Killed Sigmund
  1086 | D:2      | Reached skill level 5 in Fighting
  1086 | D:2      | Reached skill level 5 in Axes
  1086 | D:2      | Reached XP level 4. HP: 6/42 MP: 3/3
  1086 | D:2      | Reached XP level 5. HP: 7/48 MP: 4/4
  1537 | D:3      | Reached ** piety under Trog
  1679 | D:3      | Found a bloodstained altar of Trog.
  1781 | D:3      | Found a glowing drain.
  1796 | D:3      | Reached XP level 6. HP: 56/56 MP: 5/5
  1830 | D:3      | Identified the +7 long sword "Dienuirch" {drain, Dex+6}
  1903 | D:3      | Reached skill level 6 in Axes
  2409 | D:5      | Entered Level 5 of the Dungeon
  2452 | D:5      | Reached *** piety under Trog
  2456 | D:5      | Reached skill level 7 in Axes
  2465 | D:5      | Reached XP level 7. HP: 42/61 MP: 6/6
  2560 | D:5      | Reached skill level 8 in Axes
  2697 | D:5      | Found a staircase to the Ecumenical Temple.
  2739 | D:5      | Reached skill level 9 in Axes
  2818 | D:5      | Noticed Edmund
  2829 | D:5      | Killed Edmund
  2830 | D:5      | Reached skill level 10 in Axes
  2830 | D:5      | Reached XP level 8. HP: 54/69 MP: 7/7
  3031 | Temple   | Entered the Ecumenical Temple
  3176 | D:6      | Reached skill level 11 in Axes
  3650 | D:6      | Found a sand-covered staircase.
  3711 | D:6      | Reached **** piety under Trog
  3712 | D:6      | Reached skill level 12 in Axes
  4032 | D:6      | Found a snail-covered altar of Cheibriados.
  4034 | D:6      | Found a hazy altar of Hepliaklqana.
  4216 | D:6      | Reached skill level 13 in Axes
  4216 | D:6      | Reached XP level 9. HP: 71/74 MP: 8/8
  4494 | D:7      | Found an opulent altar of Gozag.
  4535 | D:7      | Found a glowing silver altar of Zin.
  4564 | D:7      | Reached skill level 14 in Axes
  4656 | D:7      | Found a basalt altar of Yredelemnul.
  4994 | D:7      | Reached skill level 5 in Armour
  5186 | D:7      | Noticed a two-headed ogre
  5194 | D:7      | Killed a two-headed ogre
  5195 | D:7      | Reached XP level 10. HP: 44/86 MP: 4/9
  5312 | D:7      | Reached skill level 15 in Axes
  5496 | D:7      | Found Laicheos's Sacrilege Store.
  6028 | D:8      | Found an ornate altar of the Wu Jian Council.
  6041 | D:8      | Found Mezxe's CLEARANCE SALE!.
  6731 | D:9      | Noticed a two-headed ogre
  6748 | D:9      | Killed a two-headed ogre
  6762 | D:9      | HP: 1/91 [ice beast (9)]
  6911 | D:9      | Noticed a two-headed ogre
  6916 | D:9      | HP: 3/91 [two-headed ogre/+0 giant club (19)]
  6917 | D:9      | Demolished by a two-headed ogre

Illustrated notes

Levels and vault maps discovered:
D:1:      lightli_arrival_quake, layout_basic
D:2:      layout_loops_corners, serial_shops, nicolae_shop_peninsula,
          nicolae_ecumenical_lake_church, minmay_hexomino_r4, uniq_sigmund,
          uniq_terence
D:3:      layout_basic, amcnicky_altar_gilded, lemuel_tele_altar,
          cheibrodos_sewer_entry_drain
D:4:      layout_basic, mainiacjoe_overflow_brackets
D:5:      layout_rooms, minmay_temple_entry_junction_2,
          minmay_misc_feat_enclosed, uniq_edmund
D:6:      layout_loops_ring, mainiacjoe_overflow_catwalk_spiral,
          nicolae_ossuary_entry_giza, serial_bayou, serial_bayou_pond_a,
          serial_bayou_shore_b, serial_bayou_pond_d, serial_bayou_pond_a
D:7:      nzn_winding_woodlands_medium [nzn_winding_woodlands_5x5_three,
          nzn_winding_woodlands_5x15_split_checker,
          nzn_winding_woodlands_5x5_cross, nzn_winding_woodlands_5x5_default,
          nzn_winding_woodlands_center_triple_pond,
          nzn_winding_woodlands_5x5_checkerboard,
          nzn_winding_woodlands_5x5_default, nzn_winding_woodlands_5x15_pockets,
          nzn_winding_woodlands_5x5_perimeter], layout_cave_pools,
          pdpol_temple_overflow_zin_treasury_gozag_greed,
          mainiacjoe_overflow_boulevard, nicolae_evil_shop
D:8:      cheibrodos_helix_gallery, layout_layer_cave,
          mainiacjoe_overflow_catwalk, grunt_ministairs_12,
          nicolae_shop_clearance
D:9:      layout_rooms, nicolae_qazlal_style_of_elements,
          nemelex_spade_bored_becter, hellmonk_lair_entry_icy,
          hiddenorc1_lemuel, enter_bailey_4, uniq_joseph
Temple:   chequers_temple_sunken

Skill      XL: |  1  2  3  4  5  6  7  8  9 10 |
---------------+-------------------------------+-----
Fighting       | 4 5 7 9 |  9.4
Axes           | 4 5 7 10 13 14 15 | 15.8
Armour         | 3 6 8 |  8.5
Dodging        | 3 |  3.2
Long Blades    | |  0.3
Stealth        | |  0.5

Action                     |  1- 3 |  4- 6 |  7- 9 | 10-12 || total
---------------------------+-------+-------+-------+-------++-------
  Melee: Hand axe          |    50 |    65 |   260 |   112 ||   487
         Headbutt          |    12 |    10 |    51 |    14 ||    87
         Punch             |       |     3 |     2 |     1 ||     6
         Long sword        |       |    18 |       |       ||    18
 Invoke: Trog's Hand       |       |       |     4 |     4 ||     8
         Brothers in Arms  |       |       |     1 |     2 ||     3
         Berserk           |       |       |       |     1 ||     1
    Use: Potion            |     2 |       |       |       ||     2
   Stab: Sleeping          |     1 |       |       |       ||     1
 Armour: Animal skin       |    16 |       |       |       ||    16
         Scale mail        |    22 |    70 |     8 |       ||   100
         Chain mail        |       |       |   154 |       ||   154
         Plate armour      |       |       |    14 |   149 ||   163
  Dodge: Dodged            |    43 |    65 |   104 |    37 ||   249

Table legend: (Time is in decaauts)
 A = Elapsed time spent in this place.
 B = Non-inter-level travel time spent in this place.
 C = Inter-level travel time spent in this place.
 D = Time resting spent in this place.
 E = Time spent auto-exploring this place.
 F = Levels seen in this place.
 G = Mean time per level.
                   A        B        C        D        E       F      G
               +--------+--------+--------+--------+--------+-----+--------+
         Total |   6876 |   6867 |      9 |   1361 |      0 |  10 |  687.6 |
       Dungeon |   6751 |   6742 |      9 |   1361 |      0 |   9 |  750.1 |
        Temple |    125 |    125 |      0 |      0 |      0 |   1 |  125.0 |
               +--------+--------+--------+--------+--------+-----+--------+

Top non-repeatable levels by time:
     D:6: 1198 daAuts
     D:7: 1170 daAuts
     D:8: 1085 daAuts
     D:2: 954 daAuts
     D:5: 633 daAuts
     D:1: 575 daAuts
     D:3: 525 daAuts
     D:4: 399 daAuts
     D:9: 209 daAuts
  Temple: 125 daAuts
